 Dungeon Crawl Stone Soup version 0.19-a0-706-g03de5d9 (webtiles) character file.

108 nabalzbhf the Shield-Bearer (level 4, 7/28 HPs)
             Began as a Gargoyle Fighter on June 20, 2016.
             Was a Follower of Uskayaw.
             Quit the game on level 2 of the Dungeon.
             The game lasted 00:05:39 (2367 turns).

nabalzbhf the Shield-Bearer (Gargoyle Fighter)      Turns: 2367, Time: 00:05:40

Health: 7/28       AC: 13    Str: 21    XL:     4   Next: 87%
Magic:  4/4        EV:  5    Int:  8    God:    Uskayaw [*.....]
Gold:   169        SH:  9    Dex:  9    Spells: 0 memorised, 3 levels left

rFire  . . .     SeeInvis +     a - +0 flail
rCold  . . .     Gourm    .     n - +0 chain mail
rNeg   + . .     Faith    .     c - +0 shield
rPois  ∞         Spirit   .     r - +0 helmet
rElec  +         Dismiss  .     (no cloak)
rCorr  .         Reflect  .     (no gloves)
SustAt .         Harm     .     (no boots)
MR     .....                    (no amulet)
Stlth  ..........               (no ring)
                                g - ring of see invisible {sInv}

@: not resistant to hostile enchantments, extremely unstealthy
A: negative energy resistance 1, electricity resistance, unbreathing,
petrification resistance, rot immunity, AC +3
a: Stomp, Renounce Religion


You were on level 2 of the Dungeon.
You worshipped Uskayaw.
Uskayaw was aware of your devotion.
You were not hungry.

You visited 1 branch of the dungeon, and saw 3 of its levels.

You collected 169 gold pieces.

Inventory:

Hand Weapons
 a - a +0 flail (weapon)
 b - a +0 blowgun
   (You took it off a kobold on level 2 of the Dungeon)
Missiles
 k - 91 stones (quivered)
 l - 54 sling bullets
 m - 4 tomahawks
 t - 20 poisoned needles
Armour
 c - a +0 shield (worn)
 n - a +0 chain mail (worn)
   (You found it on level 1 of the Dungeon)
 r - a +0 helmet (worn)
   (You found it on level 2 of the Dungeon)
Jewellery
 g - a ring of see invisible (left hand) {sInv}
   (You found it on level 1 of the Dungeon)
Scrolls
 e - 3 scrolls of remove curse {unknown}
 h - a scroll of random uselessness {unknown}
 i - 2 scrolls of fog {unknown}
 o - 2 scrolls of amnesia {unknown}
 q - a scroll of enchant armour {unknown}
 s - a scroll of recharging {unknown}
 u - 3 scrolls of identify {unknown}
Potions
 d - a potion of might
 j - a potion of degeneration {unknown}
Comestibles
 f - 3 bread rations {@e1}
 p - 7 chunks of flesh {@w0}
 v - a meat ration {@e2}


   Skills:
 - Level 3.2 Fighting
 * Level 3.9 Maces & Flails
 - Level 3.2 Armour
 + Level 4.5 Shields


You had 3 spell levels left.
You didn't know any spells.

Dungeon Overview and Level Annotations

Branches:
Dungeon (3/15)

Altars:
Ashenzari
Cheibriados
Hepliaklqana
Okawaru
Pakellas
Uskayaw
The Shining One

Annotations:
D:3 tstbtto's ghost, amateur HOFi


Innate Abilities, Weirdness & Mutations

You are resistant to torment.
Your stone body is resilient. (AC +3)
You are immune to poison.
You resist negative energy. (rN+)
You are resistant to electric shocks. (rElec)
You can survive without breathing.
You are immune to petrification.
You are immune to rotting.


Message History

Unknown command.
Unknown command.
A jackal comes into view.
The jackal barks!
A jackal comes into view.
The jackal barks!
You barely miss the jackal. You block the jackal's attack.
The jackal bites you but does no damage.
You sock the jackal!
You kill the jackal!
The jackal bites you but does no damage.
You miss the jackal.
The jackal bites you but does no damage.
You block the jackal's attack.
Your shield and chain mail prevent you from hitting the jackal.
The jackal barely misses you.
You sock the jackal!
You kill the jackal!
The jackal barely misses you.
You hit the jackal. The jackal barely misses you.
You completely miss the jackal. The jackal barely misses you. x2
You sock the jackal!
You kill the jackal!
No target in view!
No target in view!
No target in view!
No target in view!
You see here a jackal corpse.
You butcher the jackal corpse.
p - 17 chunks of flesh {@w0} (gained 2)
You see here a jackal skeleton.
Found an escape hatch in the ceiling.
Found an escape hatch in the floor.
There is an escape hatch in the floor here.
You now have 169 gold pieces (gained 16).
Some of the chunks of flesh in your inventory have rotted away.
You see here 24 arrows.
Tstbtto's ghost turns its malevolent gaze towards you.
Tstbtto's ghost is too close now for your liking.
You stomp with the beat, sending a shockwave through the revelers around you!
You feel somewhat more hungry.
You can no longer stomp with the beat.
You now have 1/4 mp.
You sock tstbtto's ghost!
Tstbtto's ghost hits you but does no damage.
You hit tstbtto's ghost but do no damage.
Tstbtto's ghost hits you!
Tstbtto's ghost hits you but does no damage.
You take 9 damage, and have 19/28 hp.
MASSIVE DAMAGE!!
You hit tstbtto's ghost. You block tstbtto's ghost's attack.
You completely miss tstbtto's ghost.
Tstbtto's ghost hits you but does no damage.
You closely miss tstbtto's ghost. Tstbtto's ghost hits you!
You take 8 damage, and have 11/28 hp.
MASSIVE DAMAGE!!
You are too injured to fight recklessly!
Unknown command.
You hit tstbtto's ghost but do no damage.
You block tstbtto's ghost's attack. Tstbtto's ghost hits you!
* * * LOW HITPOINT WARNING * * *
You take 7 damage, and have 4/28 hp.
MASSIVE DAMAGE!!
Unknown command.
Unknown command.
Unknown command.
You see here 24 arrows.
Some of the chunks of flesh in your inventory have rotted away.
There is an escape hatch in the floor here.
There is an escape hatch in the ceiling here.
Tstbtto's ghost hits you but does no damage.
A mysterious force pulls you upwards. The hatch slams shut behind you.
A giant newt comes into view.
Unknown command.
Unknown command.
Unknown command.
Unknown command.
You block the giant newt's attack.
You closely miss the giant newt. The giant newt barely misses you.
You barely miss the giant newt. You block the giant newt's attack.
Some of the chunks of flesh in your inventory have rotted away.
You closely miss the giant newt.
The giant newt bites you but does no damage.
Your shield and chain mail prevent you from hitting the giant newt.
You block the giant newt's attack.
The giant newt bites you but does no damage.
You closely miss the giant newt. You block the giant newt's attack.
You miss the giant newt.
The giant newt bites you but does no damage.
You miss the giant newt.
The giant newt bites you but does no damage.
You block the giant newt's attack.
You closely miss the giant newt. You block the giant newt's attack.
MP restored: 4 You thump the giant newt!
You kill the giant newt!
You can now stomp with the beat.
You see here a giant newt corpse.
You butcher the giant newt corpse.
p - 7 chunks of flesh {@w0} (gained

1) #.........# #.# #.#######.#
#.# #.# #.# #.# #.#######.# #.#
#.......#.# #.#
################.#.# #####.##
#..........#.....#.#######.......
#..................).....'.......
#.########......@..#######.......
#.# ###.#................... #.#
######.#.#####.#.######)### #.#
###........# #.#.# #P#_._.
#.###..........# #.#.# ##....P
#.#...###.###..#####.#.####P...⌠.
#.#.#.# #.# #..............##...P
#.#.#.###'###..######.....#####'#
#>....###_'.........+.....'......


There were no monsters in sight!

Vanquished Creatures
  4 adders (D:2)
  A worm (D:3)
  5 giant geckos
  A giant cockroach (D:1)
  9 goblins
  9 hobgoblins
  11 jackals
  7 kobolds
  3 bats
  2 giant newts
  7 rats
  A plant (D:2)
60 creatures vanquished.

Vanquished Creatures (others)
  A yak (D:2)
1 creature vanquished.

Grand Total: 61 creatures vanquished

Notes
Turn   | Place    | Note
--------------------------------------------------------------
     0 | D:1      | nabalzbhf the Gargoyle Fighter began the quest for the Orb.
     0 | D:1      | Reached XP level 1. HP: 14/14 MP: 1/1
   174 | D:1      | Reached XP level 2. HP: 19/19 MP: 2/2
   700 | D:2      | Killed a yak
   876 | D:2      | Found a shattered altar of Ashenzari.
   892 | D:2      | Found a hide-covered altar of Uskayaw.
   936 | D:2      | Found a hazy altar of Hepliaklqana.
   938 | D:2      | Became a worshipper of Uskayaw the Reveler
   966 | D:2      | Reached * piety under Uskayaw
   978 | D:2      | Reached ** piety under Uskayaw
   993 | D:2      | Reached XP level 3. HP: 23/23 MP: 3/3
  1004 | D:2      | Found a glowing golden altar of the Shining One.
  1018 | D:2      | Reached skill level 3 in Maces & Flails
  1018 | D:2      | Reached skill level 4 in Shields
  1021 | D:2      | Reached *** piety under Uskayaw
  1221 | D:2      | Found an iron altar of Okawaru.
  1314 | D:2      | Reached XP level 4. HP: 28/28 MP: 4/4
  1338 | D:2      | Found an oddly glowing altar of Pakellas.
  1338 | D:2      | Noticed an orange crystal statue
  1807 | D:3      | Noticed tstbtto's ghost (amateur HOFi)
  2110 | D:3      | Found a snail-covered altar of Cheibriados.
  2340 | D:3      | HP: 4/28 [tstbtto's ghost (7)]
  2367 | D:2      | Quit the game

Vault maps used:
D:1:      shiori_arrival_maze
D:2:      lemuel_doored_altar, gammafunk_pakellas_statue_experiment,
          okawaru_gym_becter, gammafunk_temple_overflow_forgotten
D:3:      cheibriados_altar_1

Skill      XL: |  1  2  3 |
---------------+----------+-----
Maces & Flails | 3 |  3.9
Shields        | 4 |  4.5
Fighting       | |  3.2
Armour         | |  3.2

Action                   |  1- 3 |  4- 6 || total
-------------------------+-------+-------++-------
Melee: Flail             |   129 |   134 ||   263
Invok: Stomp             |       |     1 ||     1
  Eat: Chunk             |     2 |     3 ||     5
Armor: Scale mail        |    23 |       ||    23
       Chain mail        |    41 |    86 ||   127
Dodge: Dodged            |    31 |    20 ||    51
Block: Shield            |    54 |    77 ||   131

Vault maps used:
D:1:      shiori_arrival_maze
D:2:      lemuel_doored_altar, gammafunk_pakellas_statue_experiment,
          okawaru_gym_becter, gammafunk_temple_overflow_forgotten
D:3:      cheibriados_altar_1

Table legend:
 A = Turns spent in this place as a percentage of turns spent in the entire game.
 B = Non-inter-level travel turns spent in this place as a percentage of non-inter-level travel turns spent in the entire game.
 C = Inter-level travel turns spent in this place as a percentage of turns spent in this place.
 D = Turns resting spent in this place as a percentage of non-inter-level travel turns spent in this place.
 E = Turns spent auto-exploring this place as a percentage of non-inter-level travel turns spent in this place.
 F = Non-inter-level travel turns spent in this place divided by the number of levels of this place that you've seen.
                   A       B       C       D       E      F
               +-------+-------+-------+-------+-------+----------------------
         Total | 100.0 | 100.0 |   0.6 |   0.3 |   9.3 | 225.0
       Dungeon | 100.0 | 100.0 |   0.6 |   0.3 |   9.3 | 225.0
               +-------+-------+-------+-------+-------+----------------------

Table legend:
 A = Kills in this place as a percentage of kills in entire the game.
 B = Kills by you in this place as a percentage of kills by you in the entire game.
 C = Kills by friends in this place as a percentage of kills by friends in the entire game.
 D = Other kills in this place as a percentage of other kills in the entire game.
 E = Experience gained in this place as a percentage of experience gained in the entire game.
 F = Experience gained in this place divided by the number of levels of this place that you have seen.
                   A       B       C       D       E      F
               +-------+-------+-------+-------+-------+----------------------
         Total | 100.0 | 100.0 |  -nan |  -nan | 100.0 |  51.7
       Dungeon | 100.0 | 100.0 |  -nan |  -nan | 100.0 |  51.7
               +-------+-------+-------+-------+-------+----------------------
